 Dungeon Crawl Stone Soup version 0.23.2-11-gf996548c65 (webtiles) character file.

Game seed: 3822604892070910947

8108 Folque the Destroyer (level 11, -4/64 HPs)
             Began as an Octopode Wizard on June 1, 2019.
             Splashed by a wight's acid (13 damage)
             ... on level 8 of the Dungeon on June 4, 2019.
             The game lasted 00:49:38 (10679 turns).

Folque the Destroyer (Octopode Wizard)             Turns: 10679, Time: 00:49:39

Health: -4/64      AC:  2    Str:  8    XL:     11   Next: 25%
Magic:  28/32      EV: 14    Int: 23    God:
Gold:   435        SH:  0    Dex: 10    Spells: 5/26 levels left

rFire    . . .     SeeInvis .   i - +0 short sword
rCold    . . .     Gourm    .   (no shield)
rNeg     . . .     Faith    .   F - +1 hat
rPois    .         Spirit   .   (no amulet)
rElec    .         Reflect  .   b - ring of magical power
rCorr    .         Harm     .   (no ring)
MR       .....                  (no ring)
Stlth    ++++......             (no ring)
HPRegen  0.20/turn              (no ring)
MPRegen  0.23/turn              (no ring)
                                (no ring)
                                (no ring)

@: no status effects
A: almost no armour, stealthy swim, amphibious, 8 rings, constrict 8, camouflage
1, gelatinous body 1
a: no special abilities


You were on level 8 of the Dungeon.
You were not hungry.

You visited 3 branches of the dungeon, and saw 10 of its levels.
You also visited: Sewer.

You collected 435 gold pieces.

Inventory:

Hand Weapons
 f - a +0 mace
 g - a +0 spear
 i - a +0 short sword (weapon)
 l - a +2 dagger of draining
 D - a +1 vampiric trident
Missiles
 j - 23 poisoned needles
 m - 2 javelins (quivered)
 x - 10 tomahawks
Armour
 a - a +0 hat
 F - a +1 hat (worn)
Magical Staves
 E - an uncursed staff of wizardry {unknown}
Jewellery
 b - a ring of magical power (left tentacle)
 t - an uncursed amulet of rage
Wands
 C - a wand of disintegration (17)
 G - a wand of scattershot (4)
 I - a wand of enslavement (7)
 J - a wand of digging (3)
Scrolls
 h - 2 scrolls of enchant weapon
 k - 7 scrolls of remove curse
 o - 2 scrolls of random uselessness
 q - a scroll of immolation
 r - 2 scrolls of blinking
 y - a scroll of enchant armour {unknown}
 z - 9 scrolls of identify
 K - a scroll of teleportation
Potions
 d - a potion of haste {unknown}
 e - 2 potions of lignification
 n - a potion of ambrosia {unknown}
 p - 2 potions of might {unknown}
 u - a potion of magic {unknown}
 v - a potion of resistance
 w - a potion of cancellation {unknown}
 A - a potion of agility {unknown}
 B - 3 potions of flight {unknown}
 H - a potion of degeneration {unknown}
Miscellaneous
 s - a fan of gales
Comestibles
 c - 19 rations


   Skills:
 - Level 2.0 Fighting
 - Level 4.0 Dodging
 - Level 5.0 Stealth
 + Level 8.3 Spellcasting
 + Level 9.6 Conjurations
 - Level 3.1 Summonings
 - Level 1.0 Translocations
 - Level 1.0 Air Magic
 + Level 9.2 Poison Magic
 - Level 6.1 Evocations


You had 5 spell levels left.
You knew the following spells:

 Your Spells              Type           Power        Failure   Level  Hunger
a - Magic Dart            Conj           ####         1%          1    None
b - Call Imp              Summ           ###.....     2%          2    None
c - Blink                 Tloc           N/A          7%          2    None
d - Mephitic Cloud        Conj/Pois/Air  #####...     1%          3    None
e - Conjure Flame         Conj/Fire      ####....     2%          3    None
f - Venom Bolt            Conj/Pois      ######....   3%          5    #####..
g - Iskenderun's Battles  Conj/Chrm      ####....     26%         5    #####..

Your spell library contained the following spells:

 Spells                   Type           Power        Failure   Level  Hunger
 Spider Form              Tmut/Pois      ####......   3%          3    None
 Beastly Appendage        Tmut           #.....       7%          1    None
 Slow                     Hex            #.......     10%         2    None
 Sticks to Snakes         Tmut           #.......     10%         2    None
 Bolt of Magma            Conj/Fire/Erth ###.......   45%         5    #####..
 Ice Form                 Ice/Tmut       #.......     54%         4    ##.....
 Blade Hands              Tmut           #.........   88%         5    #####..
 Orb of Destruction       Conj           ######....   73%         7    #######
 Iron Shot                Conj/Erth      ####......   82%         6    ######.
 Spellforged Servitor     Conj/Summ      #####.....   99%         7    #######


Dungeon Overview and Level Annotations

Branches:
Dungeon (8/15)             Temple (1/1) D:5            Lair (1/6) D:8

Altars:
Ashenzari
Cheibriados
Dithmenos
Elyvilon
Gozag
Hepliaklqana
Kikubaaqudgha
Makhleb
Nemelex Xobeh
Okawaru
Qazlal
Ru
Trog
Uskayaw
Vehumet
Yredelemnul
Zin
The Shining One

Shops:
D:4 [

Annotations:
D:8 3 runed translucent doors, Erica; Grendash's ghost, novice GrFi; Harold
Lair:1 2 transporters, 1 runed translucent door, Bousak's ghost, journeyman OgCK


Innate Abilities, Weirdness & Mutations

You cannot wear most types of armour.
You are very stealthy in the water. (Stealth+)
You are amphibious.
You can wear up to eight rings at the same time.
You can use your tentacles to constrict eight enemies at once.
Your skin changes colour to match your surroundings (Stealth+).
Your rubbery body absorbs attacks. (AC +1, EV +1)


Message History

The wight zaps a wand.
The bolt of acid hits you!!
You are splashed with acid!
Something hits your crimson imp!
Your crimson imp closely misses the wight.
The wight closely misses your crimson imp.
Casting: Conjure Flame (safe; 2% risk of failure)
Confirm with . or Enter, or press ? or * to list all spells.
Aiming: Conjure Flame (safe; 2% risk of failure)
Press: ? - help, Dir - move target cursor The fire ignites!
Your crimson imp barely misses the wight.
The wight misses your crimson imp.
Your crimson imp blinks!
The wight closely misses your crimson imp.
Your crimson imp hits the wight.
Your crimson imp hits the wight but does no damage.
Your crimson imp disappears in a puff of smoke!
The wight zaps a wand.
The bolt of acid hits you!
* * * LOW HITPOINT WARNING * * *
You are splashed with acid!
You die...

##...##.########...####..........
##.###.# #...# ##.......#.
###.).# #)### ##......#. #.###
#.# ##....... #.# #.# ##+...#.
#.# #.# #.##<# #.# #.# #.. ... #
#.# #.# ##.# #. # #.#
##@#######.# . # #.#
#....§zzz.#..z...# # #.#
#..######.##...#.# #####.#
#.....# #.# #.## ......# #.###.#
#.# ## ####### #.# ...... # #.#
####.# # #.. ..# ### ###


You could see 3 wights.

Vanquished Creatures
  Gastronok (D:8)
  2 hydras (Lair:1)
  A black mamba (Lair:1)
  Maurice (D:8)
  Joseph (D:7)
  Psyche (D:8)
  3 spiny frogs (Lair:1)
  A rime drake (Lair:1)
  A hornet (D:8)
  2 hippogriffs
  2 soldier ants (D:8)
  A porcupine (Lair:1)
  A water moccasin (Lair:1)
  An ice beast (D:5)
  2 sky beasts
  A phantom (D:8)
  An ogre (D:7)
  2 centaurs
  A big kobold (Sewer)
  2 crocodiles (Lair:1)
  6 bullfrogs
  A howler monkey (D:8)
  A hound (D:5)
  A jelly (D:8)
  2 orc wizards
  An orc priest (D:5)
  A bullfrog skeleton (D:8)
  3 worker ants
  A hound zombie (D:7)
  A hound skeleton (D:7)
  A worker ant zombie (D:5)
  10 gnolls
  6 adders
  A river rat (Sewer)
  A shadow imp (D:5)
  2 worms
  4 leopard geckos
  5 orcs
  A bat zombie (D:1)
  5 giant cockroaches
  5 goblins (D:2)
  3 hobgoblins
  13 jackals
  4 kobolds
  A quokka (D:5)
  A ball python (D:2)
  4 bats
  5 frilled lizards
  A jackal zombie (D:1)
  2 leopard gecko skeletons (D:4)
  A leopard gecko zombie (D:5)
  7 rats
129 creatures vanquished.

Vanquished Creatures (collateral kills)
  A water moccasin (Lair:1)
  A porcupine (Lair:1)
  2 eyes of draining
  An ogre (D:5)
  A water moccasin skeleton (D:8)
  A crimson imp (D:5)
  2 adders
  4 gnolls
  2 worms
  3 orcs
  2 jackals (D:2)
  A bat (D:3)
  2 rats
23 creatures vanquished.

Grand Total: 152 creatures vanquished

Notes
Turn   | Place    | Note
-------+----------+-------------------------------------------
     0 | D:1      | Folque the Octopode Wizard began the quest for the Orb.
     0 | D:1      | Reached XP level 1. HP: 11/11 MP: 4/4
   612 | D:1      | Reached skill level 1 in Fighting
   612 | D:1      | Reached XP level 2. HP: 18/18 MP: 4/6
   617 | D:1      | Learned a level 2 spell: Call Imp
   620 | D:1      | Learned a level 2 spell: Blink
  1367 | D:2      | Reached XP level 3. HP: 24/24 MP: 1/7
  1470 | D:2      | Reached XP level 4. HP: 17/29 MP: 0/9
  1478 | D:2      | Learned a level 3 spell: Mephitic Cloud
  1711 | D:2      | Found a snail-covered altar of Cheibriados.
  2692 | D:3      | Reached XP level 5. HP: 13/34 MP: 10/10
  3621 | D:4      | Found Fix Hivy's Antique Armour Shop.
  3814 | D:4      | Learned a level 3 spell: Conjure Flame
  4264 | D:5      | Entered Level 5 of the Dungeon
  4272 | D:5      | Reached skill level 1 in Poison Magic
  4351 | D:5      | Noticed an ogre
  4369 | D:5      | Killed an ogre
  4369 | D:5      | Reached XP level 6. HP: 33/39 MP: 12/12
  4478 | D:5      | Noticed a sky beast
  4515 | D:5      | Killed a sky beast
  4515 | D:5      | Reached skill level 1 in Air Magic
  4566 | D:5      | Reached XP level 7. HP: 12/45 MP: 0/13
  4847 | D:5      | Found a staircase to the Ecumenical Temple.
  4922 | Temple   | Entered the Ecumenical Temple
  5537 | D:6      | Reached skill level 5 in Stealth
  5941 | D:6      | Found a glowing drain.
  5964 | Sewer    | Entered a sewer
  6038 | Sewer    | Reached XP level 8. HP: 34/50 MP: 14/14
  6056 | Sewer    | Found a white marble altar of Elyvilon.
  6248 | D:7      | Noticed Joseph
  6259 | D:7      | Killed Joseph
  6259 | D:7      | Reached skill level 5 in Spellcasting
  6259 | D:7      | Reached skill level 5 in Conjurations
  6734 | D:7      | Learned a level 5 spell: Venom Bolt
  6970 | D:7      | Found a bloodstained altar of Trog.
  7215 | D:8      | Reached XP level 9. HP: 46/54 MP: 9/17
  7300 | D:8      | Found the +8 lance "Wyrmbane" {slay drac, rPois rF+ rC+
                  | AC+3}
  7340 | D:8      | Found a staircase to the Lair.
  7365 | D:8      | Noticed Psyche
  7376 | D:8      | Killed Psyche
  7405 | D:8      | Reached skill level 5 in Poison Magic
  7517 | D:8      | Noticed a hornet
  7526 | D:8      | Killed a hornet
  7544 | D:8      | Noticed Gastronok
  7827 | D:8      | Killed Gastronok
  7827 | D:8      | Reached XP level 10. HP: 60/60 MP: 9/20
  8006 | D:8      | Found a runed translucent gate.
  8007 | D:8      | Found a runed translucent gate.
  8008 | D:8      | Found a runed translucent gate.
  8011 | D:8      | Noticed Grendash's ghost (novice GrFi)
  8444 | D:8      | Noticed Harold
  8452 | D:8      | Noticed Erica
  8462 | D:8      | Noticed Maurice
  8495 | Lair:1   | Entered Level 1 of the Lair of Beasts
  8495 | Lair:1   | Noticed a spiny frog
  8769 | Lair:1   | Found a transporter.
  8814 | Lair:1   | Found a transporter.
  8815 | Lair:1   | Noticed a spiny frog
  8816 | Lair:1   | Noticed a swamp dragon
  8816 | Lair:1   | Noticed a spiny frog
  8816 | Lair:1   | Noticed a black mamba
  8816 | Lair:1   | Noticed a black mamba
  8817 | Lair:1   | Noticed a swamp dragon
  8818 | Lair:1   | Upgraded the game from 0.23.2-1-ga50397a to
                  | 0.23.2-11-gf996548c65
  8973 | Lair:1   | Noticed a spiny frog
  9003 | Lair:1   | Killed a spiny frog
  9228 | Lair:1   | Noticed a spiny frog
  9240 | Lair:1   | Killed a spiny frog
  9410 | Lair:1   | Noticed a six-headed hydra
  9433 | Lair:1   | HP: 2/60 [six-headed hydra (5)]
  9435 | Lair:1   | Killed a six-headed hydra
  9818 | Lair:1   | Noticed a black mamba
  9827 | Lair:1   | Killed a black mamba
  9827 | Lair:1   | Reached XP level 11. HP: 42/64 MP: 22/22
 10051 | Lair:1   | Noticed a six-headed hydra
 10054 | Lair:1   | Found a runed translucent door.
 10064 | Lair:1   | Killed a six-headed hydra
 10279 | Lair:1   | Learned a level 5 spell: Iskenderun's Battlesphere
 10335 | Lair:1   | Noticed Bousak's ghost (journeyman OgCK)
 10443 | D:8      | Killed Maurice
 10679 | D:8      | Splashed by a wight's acid

Skill      XL: |  1  2  3  4  5  6  7  8  9 10 11 |
---------------+----------------------------------+-----
Fighting       | 1 2 |  2.0
Conjurations   | 2 3 4 6 8 9 |  9.6
Stealth        | 3 4 5 |  5.0
Spellcasting   | 4 5 6 7 8 |  8.3
Poison Magic   | 2 4 6 8 9 |  9.2
Summonings     | 2 3 |  3.1
Air Magic      | 1 |  1.0
Dodging        | 4 |  4.0
Evocations     | 6 |  6.1
Translocations | |  1.0

Action                   |  1- 3 |  4- 6 |  7- 9 | 10-12 || total
-------------------------+-------+-------+-------+-------++-------
Melee: Unarmed           |    12 |       |       |       ||    12
       Constrict         |     7 |    23 |    29 |     5 ||    64
       Tentacles         |     3 |    11 |    13 |     3 ||    30
       Mace              |     4 |       |       |       ||     4
       Short sword       |     6 |    97 |   107 |    18 ||   228
       Spear             |       |     5 |       |       ||     5
       Dagger            |       |    10 |    10 |       ||    20
Throw: Javelin           |       |     1 |       |     2 ||     3
 Cast: Magic Dart        |    26 |    48 |    58 |    41 ||   173
       Call Imp          |     7 |    16 |    16 |    18 ||    57
       Mephitic Cloud    |       |     9 |    10 |     2 ||    21
       Blink             |       |     1 |     1 |     9 ||    11
       Conjure Flame     |       |       |    19 |    27 ||    46
       Venom Bolt        |       |       |     4 |    20 ||    24
Evoke: Wand              |       |       |       |     5 ||     5
  Use: Scroll            |       |     6 |     7 |     3 ||    16
       Potion            |       |     2 |     1 |     3 ||     6
 Stab: Sleeping          |     2 |     5 |     2 |     4 ||    13
       Confused          |       |     3 |     2 |       ||     5
  Eat: Chunk             |     2 |     7 |     9 |     5 ||    23
       Ration            |       |     1 |     1 |     3 ||     5
Armor: Skin              |    10 |    19 |     9 |     3 ||    41
Dodge: Dodged            |    28 |    75 |    93 |    42 ||   238
